 Dungeon Crawl Stone Soup version 0.29-a0-234-g0dae59b3db (webtiles) character file.

Game seed: 12956838802431743489

92 bande the Covered (level 4, 29/29 HPs)
             Began as a Gargoyle Fighter on Mar 2, 2022.
             Quit the game on level 2 of the Dungeon.
             The game lasted 00:03:47 (3206 turns).

bande the Covered (Gargoyle Fighter)                Turns: 3206, Time: 00:03:47

Health: 29/29      AC: 10    Str: 19    XL:     4   Next: 60%
Magic:  4/4        EV:  9    Int:  9    God:
Gold:   66         SH:  4    Dex: 11    Spells: 3/3 levels left

rFire   . . .      SeeInvis .   a - +0 war axe
rCold   . . .      Faith    .   c - +0 buckler
rNeg    + . .      Spirit   .   b - +0 scale mail
rPois   ∞          Reflect  .   (no helmet)
rElec   +          Harm     .   (no cloak)
rCorr   .          Rampage  .   (no gloves)
Will    .....                   (no boots)
Stlth   ..........              (no amulet)
HPRegen 0.00/turn               (no ring)
MPRegen 0.09/turn               (no ring)

@: inhibited regen
A: sickness immunity, AC +3, negative energy resistance 1, electricity
resistance, torment resistance 1, petrification resistance, inhibited
regeneration, MP-powered wands
a: no special abilities


You were on level 2 of the Dungeon.
You visited 1 branch of the dungeon, and saw 2 of its levels.

You collected 66 gold pieces.

Inventory:

Hand Weapons
 a - a +0 war axe (weapon)
 h - a +0 flail
Armour
 b - a +0 scale mail (worn)
 c - a +0 buckler (worn)
Potions
 d - a potion of might
 f - 2 potions of curing
 i - a potion of attraction


   Skills:
 + Level 3.8 Fighting
 + Level 2.7 Axes
 + Level 4.4 Armour
 + Level 3.6 Shields


You had 3 spell levels left.
You didn't know any spells.
Your spell library was empty.

Dungeon Overview and Level Annotations

Branches:
Dungeon (2/15)

Altars:
Sif Muna


Innate Abilities, Weirdness & Mutations

You are immune to sickness and miasma.
Your stone body is resilient. (AC +3)
You are immune to poison.
You resist negative energy. (rN+)
You are resistant to electric shocks. (rElec)
You are resistant to unholy torment.
You are immune to petrification.
You do not regenerate when monsters are visible.
You expend magic power (3 MP) to strengthen your wands.


Message History

You kill Natasha!
Suddenly Natasha's spirit rises from her lifeless body.
There is a stone staircase leading up here.
You climb upwards.
There is a stone staircase leading down here.
You start resting.
HP restored.
You climb downwards.
There is a stone staircase leading up here.
You see here a ball python skeleton.
There is a stone staircase leading up here.
There is a stone staircase leading down here.
There is a stone staircase leading up here.
A rat comes into view.
Found a scroll labelled HAOSAE MUPA.
The rat bites you but does no damage.
You barely miss the rat. You block the rat's attack.
You hit the rat but do no damage. You block the rat's attack.
You barely miss the rat.
The rat bites you but does no damage. x2
You slash the rat!
You kill the rat!
No target in view!
k - a scroll labelled HAOSAE MUPA
As you read the scroll labelled USHRAM CESOZ, it crumbles to dust.
You assume a fearsome visage.
Nothing appears to happen.
It was a scroll of fear.
As you read the scroll labelled HAOSAE MUPA, it crumbles to dust.
You feel aware of your surroundings.
It was a scroll of magic mapping.
Okay, then.
As you read the scroll of identify, it crumbles to dust.
i - a potion of attraction You drop a potion of mutation.
g - a potion of mutation Really quaff the potion of mutation?
You feel extremely strange.
You feel your magical essence link to the dungeon's wands.
Your regeneration stops near monsters.
An adder comes into view.
The adder hisses angrily.
Are you sure you want to abandon this character and quit the game? (Confirm with "yes".)

#######.# *,* #.# #.#
*,* #.#
**************#.# *,*
#.# *,,,,,,,,,,,,*#.#
*,* ####.#
*,**********,*#.# *,*
#....# *,* *,*#.# *,*
##.#### ##.##*** *,*#.#
*,* #.<# .....,,**
**,*#.# *,* #.##
##...*,,****,,,#@#***,*
#.#
*,,##*,,........S....#
#.#
##...#.,*###...#.######
#.# .(.....,,........#
#.# ##..#..,*###..,###
#.# .......,***##.**
#.# ..#####*,,,,.,* #.#
#...#,,****##** *,*
....#,,* *,*


You could see an adder.

Vanquished Creatures
  Natasha (D:2)
  4 gnolls
  4 ball pythons
  2 endoplasms
  A giant cockroach (D:2)
  4 goblins
  A hobgoblin (D:1)
  4 jackals (D:2)
  A bat (D:2)
  A frilled lizard (D:2)
  3 kobolds (D:1)
  4 rats
30 creatures vanquished.

Notes
Turn   | Place    | Note
-------+----------+-------------------------------------------
     0 | D:1      | bande the Gargoyle Fighter began the quest for the Orb.
     0 | D:1      | Reached XP level 1. HP: 14/14 MP: 1/1
   294 | D:1      | Reached XP level 2. HP: 19/19 MP: 2/2
  1613 | D:2      | Found a shimmering blue altar of Sif Muna.
  1632 | D:2      | Reached XP level 3. HP: 17/23 MP: 3/3
  2048 | D:1      | Reached skill level 4 in Armour
  2187 | D:1      | HP: 1/24 [gnoll/+0 club (4)]
  2673 | D:2      | Reached XP level 4. HP: 14/29 MP: 4/4
  2832 | D:2      | Noticed Natasha
  2949 | D:2      | Killed Natasha
  3184 | D:2      | Gained mutation: You expend magic power (3 MP) to
                  | strengthen your wands. [potion of mutation]
  3184 | D:2      | Gained mutation: You do not regenerate when monsters are
                  | visible. [potion of mutation]
  3206 | D:2      | Quit the game

Illustrated notes

Levels and vault maps discovered:
D:1:      dpeg_arrival_erosion, layout_basic, chequers_decorated_corner
D:2:      layout_loops_ring, basic_altar, hangedman_decor_push, uniq_natasha

Skill      XL: |  1  2  3 |
---------------+----------+-----
Axes           | 2 |  2.7
Armour         | 4 |  4.4
Fighting       | |  3.8
Shields        | |  3.6

Action                   |  1- 3 |  4- 6 || total
-------------------------+-------+-------++-------
Melee: War axe           |    98 |     9 ||   107
  Use: Scroll            |     3 |     3 ||     6
       Potion            |       |     1 ||     1
Armor: Scale mail        |    56 |     7 ||    63
Dodge: Dodged            |    62 |     2 ||    64
Block: Buckler           |    22 |     2 ||    24

Table legend: (Time is in decaauts)
 A = Elapsed time spent in this place.
 B = Non-inter-level travel time spent in this place.
 C = Inter-level travel time spent in this place.
 D = Time resting spent in this place.
 E = Time spent auto-exploring this place.
 F = Levels seen in this place.
 G = Mean time per level.
                   A        B        C        D        E       F      G
               +--------+--------+--------+--------+--------+-----+--------+
         Total |   3259 |   3157 |    102 |   1610 |   1178 |   2 | 1629.5 |
       Dungeon |   3259 |   3157 |    102 |   1610 |   1178 |   2 | 1629.5 |
               +--------+--------+--------+--------+--------+-----+--------+

Top non-repeatable levels by time:
     D:1: 2167 daAuts
     D:2: 1091 daAuts
